 Dungeon Crawl Stone Soup version 0.18-a0-943-g2c08dd4 (webtiles) character file.

43 igor the Sneak (level 3, 0/17 HPs)
             Began as a Spriggan Enchanter on Dec 28, 2015.
             Succumbed to an adder's poison
             ... on level 2 of the Dungeon.
             The game lasted 00:14:02 (1683 turns).

igor the Sneak (Spriggan Enchanter)                 Turns: 1683, Time: 00:14:02

Health: 0/17       AC:  4    Str:  4    XL:     3   Next: 37%
Magic:  8/8        EV: 19    Int: 16    God:
Gold:   86         SH:  0    Dex: 17    Spells: 2 memorised, 4 levels left

rFire  . . .     SeeInvis +     a - +1 dagger
rCold  . . .     Gourm    .     b - +1 robe
rNeg   . . .     Faith    .     (shield restricted)
rPois  .         Spirit   .     (helmet restricted)
rElec  .         Dismiss  .     j - +0 cloak
rCorr  .         Reflect  .     (gloves unavailable)
SustAt .         Harm     .     (boots unavailable)
MR     .....                    (no amulet)
Stlth  +++.......               (no ring)
                                e - ring of flight

@: lethally poisoned (0 -> -9), hasted, very quick, not resistant to hostile
enchantments, fairly stealthy
A: unfitting armour, see invisible, herbivore 3, speed 3, slow metabolism 2
a: Evoke Flight


You were on level 2 of the Dungeon.
You were not hungry.

You visited 1 branch of the dungeon, and saw 2 of its levels.

You collected 86 gold pieces.

Inventory:

Hand Weapons
 a - a +1 dagger (weapon)
 i - a +0 short sword
Armour
 b - a +1 robe (worn)
 j - a +0 cloak (worn)
Jewellery
 e - a ring of flight (left hand)
Scrolls
 f - a scroll of enchant weapon {unknown}
 o - a scroll of identify
 p - a scroll of recharging {unknown}
Potions
 h - a potion of curing {unknown}
 k - a potion of invisibility {unknown}
 m - 2 potions of magic {unknown}
 n - a potion of cancellation {unknown}
Books
 c - a book of Maledictions

   Spells                             Type                      Level
   a - Corona                         Hexes                        1
   b - Ensorcelled Hibernation        Hexes/Ice                    2
   c - Confuse                        Hexes                        3
   d - Tukima's Dance                 Hexes                        3
   e - Dazzling Spray                 Conjuration/Hexes            3
Comestibles
 d - 2 bread rations
 l - 3 fruits


   Skills:
 + Level 0.5 Fighting
 * Level 2.0 Short Blades
 * Level 3.6 Dodging
 * Level 5.0 Stealth
 + Level 3.0 Spellcasting
 * Level 3.8 Hexes


You had 4 spell levels left.
You knew the following spells:

 Your Spells              Type           Power        Failure   Level  Hunger
a - Corona                Hex            ##.....      4%          1    #......
b - Tukima's Dance        Hex            ##......     12%         3    ###....


Dungeon Overview and Level Annotations

Branches:
Dungeon (2/15)

Altars:


Innate Abilities, Weirdness & Mutations

You are tiny and cannot use many weapons and most armour.
You have supernaturally acute eyesight.
You are a herbivore.
You cover ground extremely quickly.
You need consume almost no food.


Message History

You hit the adder.
The adder is severely wounded.
The adder closely misses you.
You closely miss the adder.
The adder is severely wounded.
You feel sick. The adder barely misses you.
You barely miss the adder.
The adder is severely wounded.
* * * LOW HITPOINT WARNING * * *
You feel sick. The adder bites you.
* * * LOW HITPOINT WARNING * * *
* * * LOW HITPOINT WARNING * * *
You feel sick.
The adder stops glowing.
You see here 6 javelins.
* * * LOW HITPOINT WARNING * * *
You feel sick.
Drink which item? (? for menu, Esc to quit)
It was a potion of haste.
You feel yourself speed up.
You die...

######## #......##. #.........
#......... ####......... #####
########..†........$ ....#
#..@.S.l.####.###... ....#
.......##########..#.... ....#
...###...[..###......# ....# .
#######..........# ....# .
#.........#..##..# ....##..
#.........#..# .## .......#
#.........#.....# .........
.###................
........#....#........#..####..


You could see an adder and a giant newt.

Vanquished Creatures
  4 ball pythons
  A giant cockroach (D:1)
  5 goblins
  2 hobgoblins
  8 jackals
  6 kobolds
  7 bats
  A giant gecko (D:2)
  3 giant newts
  3 rats
40 creatures vanquished.

Notes
Turn   | Place    | Note
--------------------------------------------------------------
     0 | D:1      | igor the Spriggan Enchanter began the quest for the Orb.
     0 | D:1      | Reached XP level 1. HP: 9/9 MP: 5/5
   190 | D:1      | Reached XP level 2. HP: 14/14 MP: 6/6
   446 | D:1      | Reached skill level 5 in Stealth
  1069 | D:2      | Reached XP level 3. HP: 17/17 MP: 8/8
  1319 | D:2      | Learned a level 3 spell: Tukima's Dance
  1683 | D:2      | Succumbed to an adder's poison

Vault maps used:
D:1:      mrwooster_arrival_statue_2, minmay_misc_feat_columns,
          hangedman_decor_points
D:2:      nicolae_overflow_crystal_walls, first_bread

Action                   || total
-------------------------++-------
Melee: Dagger            ||   159
 Cast: Corona            ||     8
  Use: Scroll            ||     6
       Potion            ||     1
 Stab: Sleeping          ||     9
